 Dungeon Crawl Stone Soup version 0.26-a0-812-g31a745ddcd (webtiles) character file.

Game seed: 14014796767645469247

430 kae the Insei (level 6, 0/34 HPs)
             Began as a Tengu Transmuter on Nov 18, 2020.
             Slain by a wyvern (9 damage)
             ... on level 5 of the Dungeon.
             The game lasted 00:03:16 (5445 turns).

kae the Insei (Tengu Transmuter)                    Turns: 5445, Time: 00:03:16

Health: 0/34       AC:  2    Str: 18    XL:     6   Next: 99%
Magic:  9/11       EV: 24    Int: 13    God:
Gold:   235        SH:  0    Dex: 26    Spells: 7/11 levels left

rFire    . . .     SeeInvis .     - Unarmed
rCold    . . .     Faith    .   (shield currently unavailable)
rNeg     . . .     Spirit   .   (armour currently unavailable)
rPois    x         Reflect  .   (helmet currently unavailable)
rElec    .         Harm     .   (cloak currently unavailable)
rCorr    .         Rampage  .   (gloves currently unavailable)
MR       .....                  (boots unavailable)
Stlth    ++........             l - amulet of inaccuracy (curse)
HPRegen  0.11/turn              i - +6 ring of dexterity
MPRegen  0.12/turn              o - +6 ring of strength

@: spider-form (expiring), flying quickly and evasively, quick
A: tiny, able to fly
a: Stop Flying, End Transformation


You were on level 5 of the Dungeon.
You were a venomous arachnid creature.
You visited 1 branch of the dungeon, and saw 5 of its levels.

You collected 235 gold pieces.

Inventory:

Armour
 a - a +0 robe (melded)
Jewellery
 i - a +6 ring of dexterity (left front leg)
 l - a cursed amulet of inaccuracy (around neck)
 o - a +6 ring of strength (right front leg)
 s - an uncursed ring of fire {unknown}
Wands
 q - a wand of polymorph (10)
Scrolls
 b - 2 scrolls of immolation
 c - a scroll of remove curse {unknown}
 e - 7 scrolls of identify
 f - a scroll of fear
 g - 6 scrolls of teleportation
 k - 3 scrolls of amnesia
Potions
 d - 2 potions of curing {unknown}
 h - a potion of flight {unknown}
 j - a potion of invisibility {unknown}
 m - a potion of heal wounds
 n - 3 potions of might
 p - 3 potions of attraction
 r - a potion of lignification {unknown}


   Skills:
 - Level 1.0 Fighting
 - Level 2.1 Dodging
 + Level 4.8 Unarmed Combat
 - Level 3.0 Spellcasting
 * Level 4.0 Transmutations
 - Level 3.0 Poison Magic


You had 7 spell levels left.
You knew the following spells:

 Your Spells              Type           Power        Failure   Level
a - Beastly Appendage     Tmut           ##....       13%         1
b - Spider Form           Tmut/Pois      ##........   34%         3

Your spell library contained the following spells:

 Spells                   Type           Power        Failure   Level
 Wereblood                Tmut           ##......     19%         2
 Ice Form                 Ice/Tmut       #.......     86%         4
 Blade Hands              Tmut           ##........   90%         5


Dungeon Overview and Level Annotations

Branches:
Dungeon (5/15)
 Temple: D:4-7

Altars:


Innate Abilities, Weirdness & Mutations

((You have a beak for a mouth.))
((You have claws for feet.))
You can fly continuously.


Message History

Your transformation is almost over.
The wyvern completely misses you.
You closely miss the wyvern.
The wyvern is lightly wounded.
The wyvern misses you.
You hit the wyvern.
The wyvern is lightly wounded.
The wyvern completely misses you. The wyvern closely misses you.
You hit the wyvern.
The wyvern looks as sick as possible!
The wyvern is moderately wounded.
The wyvern bites you!
You closely miss the wyvern.
The wyvern is moderately wounded.
The wyvern bites you!
* * * LOW HITPOINT WARNING * * *
The wyvern closely misses you.
You closely miss the wyvern.
The wyvern is moderately wounded.
The wyvern bites you!
You die...

# #.
#####.###
......l.# ..
#s# #. #.#
#.###.#
##.....##
#.......#
#...#####
#.......#
#.......#
####.#.##.###


You could see a wyvern (extremely poisoned).

Vanquished Creatures
  A bullfrog zombie (D:5)
  A bullfrog skeleton (D:4)
  2 orc priests
  An orc wizard (D:4)
  A worker ant (D:4)
  4 gnolls (D:3)
  7 adders
  A shadow imp (D:5)
  A white imp (D:5)
  2 oozes (D:1)
  An adder zombie (D:5)
  7 worms
  A dart slug (D:3)
  3 leopard geckos
  10 orcs
  6 giant cockroaches
  6 goblins
  8 hobgoblins
  12 jackals
  6 kobolds
  A quokka (D:4)
  A ball python (D:1)
  10 bats
  A frilled lizard (D:1)
  A jackal skeleton (D:4)
  A leopard gecko skeleton (D:4)
  A quokka skeleton (D:4)
  8 rats
105 creatures vanquished.

Notes
Turn   | Place    | Note
-------+----------+-------------------------------------------
     0 | D:1      | kae the Tengu Transmuter began the quest for the Orb.
     0 | D:1      | Reached XP level 1. HP: 12/12 MP: 4/4
   129 | D:1      | Reached XP level 2. HP: 12/16 MP: 4/6
   672 | D:1      | Reached XP level 3. HP: 20/20 MP: 7/7
   702 | D:1      | Learned a level 3 spell: Spider Form
  1907 | D:2      | Reached XP level 4. HP: 17/25 MP: 6/9
  2289 | D:3      | Reached skill level 1 in Poison Magic
  2791 | D:3      | Gained mutation: You can fly continuously. [Tengu growth]
  2791 | D:3      | Reached XP level 5. HP: 28/29 MP: 4/10
  3871 | D:4      | Reached XP level 6. HP: 30/34 MP: 4/11
  4710 | D:4      | You are sucked into a shaft and drop 1 floor!
  4710 | D:5      | Entered Level 5 of the Dungeon
  5435 | D:5      | Noticed a wyvern
  5445 | D:5      | Slain by a wyvern

Illustrated notes

Levels and vault maps discovered:
D:1:      nagdon_arrival_zigzag_paths, layout_loops_ring, minivault_25,
          minmay_cupped
D:2:      layout_loops_ring, serial_glass, glass_columns_a, glass_columns_a,
          glass_columns_b, glass_columns_c, glass_columns_c, glass_columns_a,
          glass_columns_a, glass_columns_a, minmay_tetromino_s2
D:3:      layout_rooms, supply_closet_lemuel, minmay_circle_x
D:4:      layout_gridville, kennysheep_generic_room_2
D:5:      layout_basic

Skill      XL: |  1  2  3  4  5  6 |
---------------+-------------------+-----
Transmutations | 2 3 4 |  4.0
Poison Magic   | 1 2 3 |  3.0
Unarmed Combat | 4 |  4.8
Spellcasting   | 3 |  3.0
Fighting       | |  1.0
Dodging        | |  2.1

Action                   |  1- 3 |  4- 6 || total
-------------------------+-------+-------++-------
Melee: Unarmed           |    61 |   200 ||   261
       Kick              |    21 |    30 ||    51
       Peck              |    11 |    12 ||    23
       Punch             |     2 |     2 ||     4
       Headbutt          |     5 |    10 ||    15
 Cast: Beastly Appendage |    19 |    22 ||    41
       Spider Form       |       |    12 ||    12
 Abil: Fly               |       |     1 ||     1
  Use: Potion            |     3 |     2 ||     5
       Scroll            |       |     6 ||     6
 Stab: Sleeping          |     2 |     2 ||     4
Armor: Robe              |    15 |     6 ||    21
       Skin              |       |     6 ||     6
Dodge: Dodged            |    42 |   188 ||   230

Table legend: (Time is in decaauts)
 A = Elapsed time spent in this place.
 B = Non-inter-level travel time spent in this place.
 C = Inter-level travel time spent in this place.
 D = Time resting spent in this place.
 E = Time spent auto-exploring this place.
 F = Levels seen in this place.
 G = Mean time per level.
                   A        B        C        D        E       F      G
               +--------+--------+--------+--------+--------+-----+--------+
         Total |   5328 |   5207 |    121 |    468 |   4055 |   5 | 1065.6 |
       Dungeon |   5328 |   5207 |    121 |    468 |   4055 |   5 | 1065.6 |
               +--------+--------+--------+--------+--------+-----+--------+

Top non-repeatable levels by time:
     D:3: 1397 daAuts
     D:2: 1203 daAuts
     D:1: 1200 daAuts
     D:4: 1192 daAuts
     D:5: 333 daAuts
